 Dungeon Crawl Stone Soup version 0.20.1-1-g8b1a95d (webtiles) character file.

7653 KingBabar the Cleaver (level 11, 0/102 HPs)
             Began as a Hill Orc Fighter on Nov 13, 2017.
             Was a High Priest of Okawaru.
             Slain by a wyvern zombie (11 damage)
             ... on level 10 of the Dungeon.
             The game lasted 00:16:14 (12208 turns).

KingBabar the Cleaver (Hill Orc Fighter)           Turns: 12208, Time: 00:16:15

Health: 0/102      AC: 12    Str: 23    XL:     11   Next: 18%
Magic:  16/16      EV: 10    Int:  8    God:    Okawaru [*****.]
Gold:   358        SH:  0    Dex: 10    Spells: 10/10 levels left

rFire    . . .     SeeInvis +   a - +1 war axe
rCold    . . .     Gourm    +   (no shield)
rNeg     . . .     Faith    .   r - +0 chain mail
rPois    .         Spirit   .   b - +0 hat
rElec    .         Reflect  .   (no cloak)
rCorr    .         Harm     .   (no gloves)
MR       +....                  (no boots)
Stlth    ..........             g - amulet of the gourmand
Regen    0.3/turn               K - ring of see invisible
MPRegen  0.2/turn               H - ring of protection from magic

@: heroism, slowed, very slow
A: no striking features
a: Heroism, Finesse, Renounce Religion


You were on level 10 of the Dungeon.
You worshipped Okawaru.
Okawaru was extremely pleased with you.
You were completely stuffed.

You visited 2 branches of the dungeon, and saw 11 of its levels.

You collected 358 gold pieces.

Inventory:

Hand Weapons
 a - a +1 war axe (weapon)
 u - a +0 morningstar
 z - a +5 dire flail of holy wrath
 C - the +4 long sword "Newtbane" {freeze, rC- MR+ Str+4, unknown}
   (You found it on level 10 of the Dungeon)

   It has been specially enchanted to freeze those struck by it, causing extra
   injury to most foes and up to half again as much damage against particularly
   susceptible opponents.
   It can also slow down cold-blooded creatures.
   It affects your strength (+4).
   It makes you vulnerable to cold.
   It affects your resistance to hostile enchantments.
Armour
 b - a +0 hat (worn)
 c - a +0 shield
 r - a +0 chain mail (worn)
Jewellery
 g - an amulet of the gourmand (around neck)
 E - an uncursed ring of positive energy
 H - a ring of protection from magic (right hand)
 K - a ring of see invisible (left hand)
Wands
 e - a wand of digging (24/24)
 q - a wand of confusion (41/48)
 w - a wand of confusion (20/48)
 y - a wand of polymorph (13/24)
 G - a wand of disintegration (10/24)
Scrolls
 d - a scroll of magic mapping
 i - a scroll of enchant weapon
 k - a scroll of blinking
 m - 4 scrolls of remove curse
 n - a scroll of immolation
 o - a scroll of fear
 t - a scroll of random uselessness {unknown}
 x - a scroll of fog
 D - a scroll of enchant armour {unknown}
 L - a scroll of teleportation
Potions
 h - 2 potions of flight
 p - 3 potions of brilliance
 A - 2 potions of curing
 I - a potion of haste {unknown}
 J - a potion of heal wounds {unknown}
 N - a potion of agility {unknown}
 O - a potion of mutation {unknown}
Books
 v - a book of Cantrips

   Spells                             Type                      Level
   a - Confusing Touch                Hexes                        1
   b - Animate Skeleton               Necromancy                   1
   c - Summon Small Mammal            Summoning                    1
   d - Apportation                    Translocation                1
 B - a book of Necromancy

   Spells                             Type                      Level
   a - Pain                           Necromancy                   1
   b - Animate Skeleton               Necromancy                   1
   c - Vampiric Draining              Necromancy                   3
   d - Regeneration                   Charms/Necromancy            3
   e - Animate Dead                   Necromancy                   4
   f - Control Undead                 Necromancy                   4
Comestibles
 f - 10 bread rations
 j - 4 royal jellies
 l - 9 meat rations
 s - a fruit
 F - 9 chunks of flesh


   Skills:
 + Level 11.5(16.5) Fighting
 * Level 14.3(19.3) Axes
 + Level 7.8(12.8) Armour
 - Level 3.2(8.2) Shields
 - Level 7.0 Invocations


You had 10 spell levels left.
You didn't know any spells.

Dungeon Overview and Level Annotations

Branches:
Dungeon (10/15)            Temple (1/1) D:4
   Lair: D:8-11         Orc: D:9-12

Altars:
Ashenzari
Cheibriados
Dithmenos
Elyvilon
Fedhas
Gozag
Hepliaklqana
Kikubaaqudgha
Makhleb
Nemelex Xobeh
Okawaru
Qazlal
Ru
Sif Muna
Trog
Uskayaw
Vehumet
Xom
Yredelemnul
Zin
The Shining One

Shops:
D:5 *


Message History

Okawaru will gift you equipment as your piety grows.
The centaur warrior skeleton hits you but does no damage.
The wraith hits you but does no damage. The wyvern zombie bites you!
* * * LOW HITPOINT WARNING * * *
You barely miss the wraith.
The wraith is severely damaged.
You hit the centaur warrior skeleton. You hit the wyvern zombie.
The centaur warrior skeleton hits you.
* * * LOW HITPOINT WARNING * * *
The wraith hits you.
* * * LOW HITPOINT WARNING * * *
The wraith drains your vigour!
You feel as though you will be slow longer.
The wyvern zombie barely misses you.
You feel better.
The centaur warrior skeleton barely misses you.
The wyvern zombie barely misses you. The wraith closely misses you.
The centaur warrior skeleton hits you but does no damage.
The wyvern zombie bites you!
You die...

#.##.......
#.##.......
#.##.......
#.#........ ######
#.#........ ....#
#.#...#####
ZZZ######.#...#####
#ZZ#......'........
#@W#.######...#####
#..#.# #...# #..#.#
#...# #....# #...#
###### #####


You could see a wraith, a wyvern zombie, a centaur zombie, an adder skeleton, a
bullfrog skeleton and a centaur warrior skeleton.

Vanquished Creatures
  2 two-headed ogres
  A hornet (D:10)
  Grinder (D:4)
  Prince Ribbit (D:8)
  A hippogriff (D:6)
  2 flying skulls (D:10)
  3 shadows (D:10)
  A tarantella (shapeshifter) (D:10)
  4 yaks (D:9)
  A hungry ghost (D:9)
  A steam dragon (D:10)
  Edmund (D:5)
  Menkaure (D:4)
  A water moccasin (D:9)
  3 sky beasts
  An orc warrior (D:8)
  2 ice beasts
  4 phantoms
  8 ogres
  3 centaurs
  3 bullfrogs
  3 scorpions
  5 wights (D:6)
  2 howler monkeys
  An electric eel (D:10)
  A crimson imp (D:6)
  3 hounds
  7 orc wizards
  A quasit (D:8)
  An orc priest (D:6)
  2 centaur skeletons (D:9)
  5 iguanas
  4 worker ants
  A hound skeleton (D:10)
  3 worker ant zombies
  6 gnolls (D:6)
  9 adders
  A howler monkey skeleton (D:10)
  3 shadow imps
  2 adder zombies
  3 adder skeletons
  2 worms (D:2)
  2 dart slugs
  6 leopard geckos
  25 orcs
  7 giant cockroaches
  11 hobgoblins
  8 jackals
  4 kobolds
  4 quokkas
  A ball python (D:4)
  A ball python skeleton (D:4)
  4 bats
  10 frilled lizards
  11 goblins
  A jackal zombie (D:8)
  A leopard gecko skeleton (D:6)
  A quokka skeleton (D:5)
  5 rats
212 creatures vanquished.

Vanquished Creatures (others)
  A water moccasin (D:10)
  A leopard gecko zombie (D:8)
2 creatures vanquished.

Grand Total: 214 creatures vanquished

Notes
Turn   | Place    | Note
-------+----------+-------------------------------------------
     0 | D:1      | KingBabar the Hill Orc Fighter began the quest for the Orb.
     0 | D:1      | Reached XP level 1. HP: 19/19 MP: 1/1
    36 | D:1      | Reached skill level 3 in Axes
   350 | D:1      | Reached XP level 2. HP: 25/26 MP: 2/2
   393 | D:1      | Reached skill level 4 in Axes
   670 | D:1      | Reached XP level 3. HP: 31/31 MP: 3/3
   878 | D:1      | Reached skill level 5 in Axes
  1011 | D:2      | Reached XP level 4. HP: 10/39 MP: 4/4
  1410 | D:2      | Reached skill level 6 in Axes
  1793 | D:3      | Found a shadowy altar of Dithmenos.
  1994 | D:3      | Reached XP level 5. HP: 45/45 MP: 5/5
  2010 | D:3      | Reached skill level 7 in Axes
  2427 | D:3      | Found a shimmering altar of Xom.
  2427 | D:3      | Found a radiant altar of Vehumet.
  2429 | D:3      | Found a shimmering altar of Xom.
  2429 | D:3      | Found a stormy altar of Qazlal.
  2429 | D:3      | Found a glowing silver altar of Zin.
  2543 | D:4      | Found a white marble altar of Elyvilon.
  2615 | D:4      | Found a staircase to the Ecumenical Temple.
  2636 | D:4      | Noticed a phantom
  2637 | D:4      | Noticed Menkaure
  2646 | D:4      | Killed Menkaure
  2646 | D:4      | Reached skill level 8 in Axes
  2646 | D:4      | Reached XP level 6. HP: 14/51 MP: 6/6
  2652 | D:4      | Killed a phantom
  2652 | D:4      | Reached skill level 9 in Axes
  2655 | Temple   | Entered the Ecumenical Temple
  2745 | Temple   | Became a worshipper of Warmaster Okawaru
  3259 | D:3      | Reached skill level 1 in Invocations
  3259 | D:3      | Reached XP level 7. HP: 43/57 MP: 6/8
  3641 | D:4      | Noticed Grinder
  3656 | D:4      | Paralysed by Grinder for 7 turns
  3675 | D:4      | Killed Grinder
  3675 | D:4      | Reached skill level 5 in Invocations
  4147 | D:5      | Entered Level 5 of the Dungeon
  4339 | D:5      | Reached * piety under Okawaru
  4339 | D:5      | Reached XP level 8. HP: 46/64 MP: 11/13
  4552 | D:5      | Noticed Edmund
  4568 | D:5      | Killed Edmund
  4568 | D:5      | Reached skill level 5 in Fighting
  4925 | D:5      | Found an opulent altar of Gozag.
  4936 | D:5      | Found Gozag's Platinum Reserve.
  6734 | D:6      | Reached XP level 9. HP: 82/82 MP: 14/14
  7127 | D:6      | Reached ** piety under Okawaru
  7127 | D:6      | Reached skill level 10 in Axes
  8310 | D:8      | Noticed Prince Ribbit
  8480 | D:8      | Reached skill level 11 in Axes
  8806 | D:8      | Reached skill level 5 in Armour
  8841 | D:8      | Noticed a two-headed ogre
  8851 | D:8      | Killed a two-headed ogre
  8851 | D:8      | Reached *** piety under Okawaru
  8851 | D:8      | Reached skill level 10 in Fighting
  8851 | D:8      | Reached skill level 12 in Axes
  8851 | D:8      | Reached XP level 10. HP: 40/93 MP: 13/15
  9517 | D:8      | Found a hazy altar of Hepliaklqana.
  9549 | D:8      | Killed Prince Ribbit
  9767 | D:8      | Found a glowing golden altar of the Shining One.
  9772 | D:8      | Found a hide-covered altar of Uskayaw.
  9777 | D:8      | Found a snail-covered altar of Cheibriados.
  9905 | D:9      | Found a sacrificial altar of Ru.
  9940 | D:9      | Reached **** piety under Okawaru
 10324 | D:9      | Reached skill level 13 in Axes
 11301 | D:10     | Entered Level 10 of the Dungeon
 11311 | D:10     | Noticed a shock serpent
 11319 | D:10     | Noticed a moth of wrath
 11319 | D:10     | a shock serpent changed into a moth of wrath
 11324 | D:10     | a moth of wrath changed into a tarantella
 11517 | D:10     | Noticed a two-headed ogre
 11561 | D:10     | Got a steaming long sword
 12009 | D:10     | Killed a two-headed ogre
 12009 | D:10     | Reached skill level 14 in Axes
 12009 | D:10     | Reached XP level 11. HP: 88/102 MP: 14/16
 12206 | D:10     | Reached ***** piety under Okawaru
 12207 | D:10     | HP: 3/102 [wraith (5)]
 12208 | D:10     | Slain by a wyvern zombie

Skill      XL: |  1  2  3  4  5  6  7  8  9 10 |
---------------+-------------------------------+-----
Axes           | 3 4 5 6 8 9 12 14 | 14.3
Invocations    | 1 7 |  7.0
Fighting       | 8 10 11 | 11.5
Armour         | 5 7 |  7.8
Shields        | |  3.2

Action                   |  1- 3 |  4- 6 |  7- 9 | 10-12 || total
-------------------------+-------+-------+-------+-------++-------
Melee: War axe           |   102 |   117 |   414 |   277 ||   910
       Punch             |       |       |       |     4 ||     4
Invok: Heroism           |       |       |     6 |    10 ||    16
  Use: Potion            |       |     1 |     3 |     4 ||     8
       Scroll            |       |       |     8 |    12 ||    20
  Eat: Chunk             |       |    16 |    24 |    18 ||    58
Armor: Scale mail        |    32 |    26 |       |       ||    58
       Chain mail        |       |    20 |   185 |    85 ||   290
       Skin              |       |       |     5 |     3 ||     8
Dodge: Dodged            |    25 |    31 |    82 |   116 ||   254
Block: Shield            |    42 |    51 |   166 |    21 ||   280
